 Dungeon Crawl Stone Soup version 0.30.0-29-ga12c61a403 (webtiles) character file.

Game seed: 14769410625136194083

10647 H0rd4k the Basher (level 11, 0/84 HPs)
             Began as a Human Artificer on June 22, 2023.
             Was an Initiate of Gozag.
             Killed by divine providence
             ... invoked by a meliai
              (11 damage)
             ... on level 10 of the Dungeon.
             The game lasted 00:25:14 (14041 turns).

H0rd4k the Basher (Human Artificer)                Turns: 14041, Time: 00:25:15

Health: 0/84       AC:  8    Str: 12    XL:     11   Next: 96%
Magic:  21/21      EV: 14    Int: 18    God:    Gozag
Gold:   1751       SH:  0    Dex: 15    Spells: 23/23 levels left

rFire   . . .        H - +9 flail of Distant Worlds {freeze, Int+3}
rCold   . . .        (no shield)
rNeg    . . .        n - +3 leather armour
rPois   +            s - +0 helmet
rElec   .            (no cloak)
rCorr   .            h - +0 pair of gloves
SInv    .            (no boots)
Will    .....        (no amulet)
Stlth   +++          f - ring of flight
HPRegen 0.34/turn    A - ring of poison resistance
MPRegen 0.17/turn

%: no passive effects
@: gold aura, flying
A: no striking features
a: Renounce Religion, Potion Petition, Call Merchant, Bribe Branch


You were on level 10 of the Dungeon.
You worshipped Gozag.
Gozag was most pleased with you.
You visited 2 branches of the dungeon, and saw 11 of its levels.
You also visited: Sewer and Bailey.

You collected 1949 gold pieces.
You spent 82 gold pieces at shops.
You paid 116 gold pieces to Gozag.

Inventory:

Hand Weapons
 p - a +2 flail of holy wrath
 y - a +3 whip of electrocution
 D - a +2 dagger of venom
 H - the +9 flail of Distant Worlds (weapon) {freeze, Int+3}
   (You took it off a gnoll sergeant on level 7 of the Dungeon)

   Int:       It affects your intelligence (+3).
Missiles
 G - a throwing net
 L - 19 poisoned darts (quivered)
Armour
 a - a +1 leather armour of cold resistance
 h - a +0 pair of gloves (worn)
 n - a +3 leather armour (worn)
 s - a +0 helmet (worn)
Magical Staves
 b - a staff of poison
 u - a staff of conjuration
Jewellery
 f - a ring of flight (left hand)
 A - a ring of poison resistance (right hand)
 E - a ring of ice
Scrolls
 d - a scroll of magic mapping {unknown}
 i - 2 scrolls of teleportation
 l - a scroll of amnesia
 m - 7 scrolls of identify
 C - 2 scrolls of poison
 M - a scroll of vulnerability {unknown}
Potions
 c - a potion of magic {unknown}
 e - 2 potions of might {unknown}
 g - 4 potions of haste {unknown}
 j - 7 potions of mutation {unknown}
 k - 2 potions of curing
 o - a potion of berserk rage
 q - 5 potions of heal wounds {unknown}
 r - a potion of flight {unknown}
 t - 2 potions of degeneration {unknown}
 v - 3 potions of invisibility {unknown}
 w - 2 potions of lignification {unknown}
 x - 2 potions of resistance {unknown}
 z - a potion of ambrosia {unknown}
 B - 3 potions of brilliance {unknown}
 F - 2 potions of attraction {unknown}
Miscellaneous
 I - a condenser vane


   Skills:
 + Level 7.1 Fighting
 + Level 10.5 Maces & Flails
 + Level 0.9 Throwing
 - Level 2.0 Armour
 + Level 6.8 Dodging
 + Level 5.9 Stealth
 * Level 6.9 Spellcasting
 + Level 6.4 Evocations


You had 23 spell levels left.
You didn't know any spells.
Your spell library contained the following spells:

 Spells                   Type           Power      Damage    Failure   Level
 Slow                     Hex            24%        N/A       14%         1
 Sting                    Tmut/Pois      24%        1d4       14%         1
 Blink                    Tloc           12%        N/A       22%         2
 Lesser Beckoning         Tloc           12%        N/A       22%         2
 Poisonous Vapours        Pois/Air       12%        N/A       22%         2
 Confusing Touch          Hex            6%         N/A       38%         3
 Gell's Gravitas          Tloc           6%         N/A       38%         3
 Teleport Other           Tloc           6%         N/A       38%         3
 Vampiric Draining        Necr           6%         2d6       38%         3
 Olgreb's Toxic Radiance  Pois           6%         N/A       80%         4
 Summon Forest            Summ/Tloc      3%         N/A       98%         5
 Eringya's Noxious Bog    Tmut/Pois      3%         N/A       100%        6
 Summon Hydra             Summ           3%         N/A       100%        7
 Borgnjor's Revivificati  Necr           3%         N/A       100%        8
 Discord                  Hex            3%         N/A       100%        8
 Disjunction              Tloc           3%         N/A       100%        8
 Ignition                 Fire           3%         3d4       100%        8


Dungeon Overview and Level Annotations

Branches:
Dungeon (10/15)            Temple (1/1) D:7             Orc (0/2) D:9
  Sewer (visited)          Bailey (visited)
   Lair: D:8-11

Altars:
Ashenzari
Cheibriados
Dithmenos
Elyvilon
Fedhas
Gozag
Hepliaklqana
Kikubaaqudgha
Makhleb
Nemelex Xobeh
Okawaru
Qazlal
Ru
Sif Muna
Trog
Uskayaw
Vehumet
Wu Jian
Xom
Yredelemnul
Zin
The Shining One

Shops:
D:5 *   D:10 *

Annotations:
D:7 1 runed translucent door, exclusions: door, downstairs and steam dragon, MrAu's ghost, novice HuFi
D:9 exclusion: downstairs


Message History

6 gold pieces; a +0 hand axe; a +0 robe You hit the meliai.
You freeze the meliai.
The meliai is lightly wounded.
The meliai calls down the wrath of its god upon you.
Something smites you!
The meliai invokes the aid of its god against you.
Something smites you!
You thump the meliai! You freeze the meliai.
The meliai is heavily wounded.
The meliai misses you. The meliai closely misses you. The meliai misses you.
The meliai closely misses you.
You miss the meliai.
The meliai is heavily wounded.
The meliai barely misses you. The meliai stings you!
The meliai calls down the wrath of its god upon you.
Something smites you!
You thump the meliai! You freeze the meliai.
The meliai is almost dead.
The meliai hits you with a +0 war axe of electrocution!
* * * LOW HITPOINT WARNING * * *
The meliai stings you.
* * * LOW HITPOINT WARNING * * *
You are poisoned.
The meliai poisons you!
The meliai calls down the wrath of its god upon you.
Something smites you!
* * * LOW HITPOINT WARNING * * *
Okay, then.
Blink to where?
Press: ? - help, Dir - move target
As you read the scroll of blinking, it crumbles to dust.
* * * LOW HITPOINT WARNING * * *
You feel very sick.
The meliai calls upon its god to heal the meliai.
The meliai is healed somewhat.
You feel better.
The meliai invokes the aid of its god against you.
Something smites you!
You die...
Your body crumbles into a pile of gold.

#.#.##≈.~~~.≈##.#.#.........#.##.
.....#..~<~..# ...#.###)###.#.##.
###.##≈.~~~.≈## ..#.........#.##.
...##~.......~###y####..#...#.##.
##.#.~..≈.≈..~.##$# #...#...#.##.
##.#.$~~#.#~~$.##.###.#.#...#.##.
...#...##.##Y..##y....#.#...#.##.
########...######..####.##..#.##.
................@.## #..........
########......###############.###
.................................
.#######.###################..#.#
.# ...# #..#.# .# ..#### #..#..
......# #..##. ..)...# #..##.
.#....# ##.....# #..##.


You could see 2 meliai.

Vanquished Creatures
  2 two-headed ogres
  A boulder beetle (D:10)
  Pikel (D:5)
  Maggie (D:7)
  A meliai (D:10)
  2 trolls
  Grinder (D:5)
  A wyvern (D:7)
  A shadow (D:10)
  11 yaks
  A steam dragon (D:6)
  2 water moccasins (D:9)
  4 orc warriors
  3 ice beasts
  5 wolves (Bailey)
  A centaur (D:7)
  A phantom (D:4)
  5 kobold brigands
  3 bullfrogs
  8 gnoll sergeants
  3 scorpions
  2 wights (D:6)
  18 killer bees
  4 hounds
  12 orc priests
  7 gnoll boudas (Bailey)
  4 jellies
  3 iguanas
  6 orc wizards
  Robin (D:3)
  5 adders
  19 gnolls
  A shadow imp (D:8)
  2 worms (D:3)
  2 dart slugs (D:4)
  24 orcs
  10 endoplasms
  8 giant cockroaches
  14 goblins
  5 hobgoblins
  14 jackals
  24 kobolds
  7 quokkas
  10 ball pythons
  A bat (D:1)
  3 frilled lizards
  6 rats
270 creatures vanquished.

Vanquished Creatures (collateral kills)
  Sigmund (D:5)
  2 phantoms
  2 wights (D:6)
  An orc (D:5)
  An endoplasm (D:4)
  A rat (D:1)
8 creatures vanquished.

Vanquished Creatures (others)
  A wight (D:6)
  A jelly (D:5)
  An iguana (D:5)
  An orc wizard (D:2)
  A gnoll (D:4)
5 creatures vanquished.

Grand Total: 283 creatures vanquished

Notes
Turn   | Place    | Note
-------+----------+-------------------------------------------
     0 | D:1      | H0rd4k the Human Artificer began the quest for the Orb.
     0 | D:1      | Reached XP level 1. HP: 15/15 MP: 1/1
   247 | D:1      | Reached XP level 2. HP: 21/21 MP: 2/2
  1107 | D:2      | Reached XP level 3. HP: 26/26 MP: 3/3
  1491 | D:2      | Reached skill level 1 in Maces & Flails
  1491 | D:2      | Reached XP level 4. HP: 9/32 MP: 4/4
  1769 | D:2      | Reached XP level 5. HP: 25/37 MP: 5/5
  2140 | D:3      | Noticed Robin
  2282 | D:3      | Found a snail-covered altar of Cheibriados.
  2408 | D:3      | Reached skill level 2 in Maces & Flails
  2551 | D:3      | Killed Robin
  3049 | D:3      | Found a bloodstained altar of Trog.
  3200 | D:4      | Noticed a phantom
  3214 | D:4      | Killed a phantom
  3215 | D:4      | Reached skill level 3 in Maces & Flails
  3215 | D:4      | Reached XP level 6. HP: 44/44 MP: 6/6
  3651 | D:4      | Reached skill level 1 in Spellcasting
  3699 | D:4      | Reached XP level 7. HP: 47/51 MP: 8/8
  3981 | D:5      | Entered Level 5 of the Dungeon
  4010 | D:5      | Noticed Sigmund
  4031 | D:5      | Noticed Grinder
  4031 | D:5      | Paralysed by Grinder for 3 turns
  4040 | D:5      | Killed Sigmund
  4041 | D:5      | Reached skill level 4 in Maces & Flails
  4190 | D:5      | Noticed Pikel
  4203 | D:5      | Reached XP level 8. HP: 46/57 MP: 9/11
  4211 | D:5      | Killed Pikel
  4212 | D:5      | Reached skill level 5 in Maces & Flails
  4311 | D:5      | Found a radiant altar of Vehumet.
  4656 | D:5      | Found Usagruh's Assorted Antiques.
  4727 | D:5      | Killed Grinder
  4728 | D:5      | Reached skill level 6 in Maces & Flails
  4728 | D:5      | Reached XP level 9. HP: 54/64 MP: 12/14
  5035 | D:6      | Reached skill level 5 in Evocations
  5137 | D:6      | Found a glowing drain.
  5194 | Sewer    | Entered a sewer
  5721 | D:6      | Reached skill level 7 in Maces & Flails
  6017 | D:6      | Found a hazy altar of Hepliaklqana.
  6296 | D:7      | Noticed Maggie
  6299 | D:7      | Killed Maggie
  6300 | D:7      | Reached XP level 10. HP: 73/73 MP: 16/16
  6518 | D:7      | Found a staircase to the Ecumenical Temple.
  6527 | Temple   | Entered the Ecumenical Temple
  6543 | Temple   | Became a worshipper of Gozag Ym Sagoz the Greedy
  6701 | D:7      | Reached skill level 8 in Maces & Flails
  6773 | D:7      | Reached skill level 5 in Dodging
  6949 | D:7      | Reached skill level 5 in Spellcasting
  7034 | D:7      | Identified the +9 flail of Distant Worlds {freeze, Int+3}
  7054 | D:7      | Reached skill level 5 in Fighting
  7241 | D:7      | Found a runed translucent door.
  7241 | D:7      | Noticed MrAu's ghost (novice HuFi)
  7254 | D:7      | Found a sparkling altar of Nemelex Xobeh.
  7357 | D:7      | Reached skill level 5 in Stealth
  7376 | D:7      | You are sucked into a shaft and drop 3 floors!
  7376 | D:10     | Entered Level 10 of the Dungeon
  7590 | D:10     | Found Qioss's Island Escapes.
  7602 | D:10     | Bought a scroll of blinking for 82 gold pieces
  7639 | D:10     | Noticed a boulder beetle
  7720 | D:10     | Noticed a manticore
  7721 | D:10     | Noticed a catoblepas
  7900 | D:9      | Noticed a two-headed ogre
  7909 | D:9      | Killed a two-headed ogre
  7939 | D:9      | Found a flagged portal.
  7989 | Bailey   | Entered a bailey
  9373 | Bailey   | Reached XP level 11. HP: 41/80 MP: 19/19
  9663 | Bailey   | Reached skill level 9 in Maces & Flails
 11149 | D:8      | Noticed a two-headed ogre
 11662 | D:8      | Got the Quarto of the Loathsome Jaunt
 11722 | D:8      | Found an ornate altar of the Wu Jian Council.
 11852 | D:8      | Found a burning altar of Makhleb.
 11889 | D:8      | Killed a two-headed ogre
 11890 | D:8      | Reached skill level 10 in Maces & Flails
 12365 | D:9      | Found a staircase to the Orcish Mines.
 13029 | D:10     | Noticed a two-headed ogre
 13513 | D:10     | Killed a boulder beetle
 14041 | D:10     | Killed from afar by a meliai

Illustrated notes

Levels and vault maps discovered:
D:1:      dpeg_arrival_erosion, layout_basic, st_stairs_9,
          minmay_tree_intersection
D:2:      layout_loops_ring
D:3:      layout_loops_ring, nicolae_overflow_crystal_walls,
          trog_butcher_becter, wad_floor_pattern_untrapped, uniq_robin,
          uniq_crazy_yiuf_cottage
D:4:      wad_crossroads, layout_basic
D:5:      layout_basic, nicolae_vehumet_altar_sigil, serial_shops,
          kennysheep_little_box, uniq_pikel, uniq_sigmund, uniq_grinder
D:6:      layout_rooms, general_overflow_altar, portal_sewer_entry_a
D:7:      layout_basic, nemelex_spade_bored_becter,
          minmay_temple_entry_statues_fountains, gammafunk_ghost_grave,
          uniq_maggie
D:8:      layout_cave_pools, lightli_temple_of_fire,
          mainiacjoe_overflow_boulevard
D:9:      layout_loops_ring, david_orc_3, enter_bailey_2
D:10:     nzn_motion_control, layout_basic, david_lair_shrubbed,
          nicolae_island_escapes
Temple:   minmay_freezing_vapour_temple

Skill      XL: |  1  2  3  4  5  6  7  8  9 10 11 |
---------------+----------------------------------+-----
Evocations     | 4 5 6 |  6.4
Maces & Flails | 1 3 4 6 7 8 10 | 10.5
Dodging        | 2 3 4 6 |  6.8
Fighting       | 2 3 4 5 7 |  7.1
Stealth        | 2 3 4 5 |  5.9
Spellcasting   | 1 2 3 4 5 6 |  6.9
Throwing       | |  0.9
Armour         | |  2.0

Action                     |  1- 3 |  4- 6 |  7- 9 | 10-12 || total
---------------------------+-------+-------+-------+-------++-------
  Melee: Club              |   152 |     4 |       |       ||   156
         Punch             |     2 |       |     5 |     8 ||    15
         Flail             |       |   147 |    35 |   338 ||   520
         Whip              |       |       |   206 |   146 ||   352
  Throw: Dart              |       |       |       |     8 ||     8
  Evoke: Wand              |     6 |     9 |    29 |    19 ||    63
         Condenser vane    |       |       |       |     1 ||     1
    Use: Scroll            |       |       |     6 |     6 ||    12
         Potion            |       |       |       |     3 ||     3
   Stab: Sleeping          |     2 |     4 |     5 |     4 ||    15
         Distracted        |       |       |       |     1 ||     1
 Armour: Leather armour    |    68 |    53 |    81 |   119 ||   321
  Dodge: Dodged            |   105 |    95 |   139 |   312 ||   651
